 Dungeon Crawl Stone Soup version 0.29.1-12-g30fa7ad0bf (webtiles) character file.

Game seed: 2366865671759552892

343 KittyFluff the Cudgeller (level 6, -5/58 HPs)
             Began as a Gargoyle Berserker on Jan 15, 2023.
             Was a Believer of Trog.
             Killed by divine providence
             ... invoked by an orc priest
              (14 damage)
             ... on level 4 of the Dungeon.
             The game lasted 00:16:04 (3532 turns).

KittyFluff the Cudgeller (Gargoyle Berserker)       Turns: 3532, Time: 00:16:05

Health: -5/58      AC: 10    Str: 21    XL:     6   Next: 57%
Magic:  6/6        EV: 16    Int:  7    God:    Trog [**....]
Gold:   182        SH:  0    Dex: 11    Spells: 5/5 levels left

rFire   . . .      SeeInvis .   z - +0 flail
rCold   . . .      Faith    .   (no shield)
rNeg    + . .      Spirit   .   x - +0 leather armour
rPois   ∞          Reflect  .   s - +0 helmet
rElec   +          Harm     .   (no cloak)
rCorr   .          Rampage  .   f - +0 pair of gloves
Will    +....                   (no boots)
Stlth   ..........              c - amulet of the acrobat
HPRegen 0.19/turn               l - +4 ring of evasion
MPRegen 0.10/turn               u - ring of willpower

@: berserking, very quick
A: sickness immunity, AC +4, negative energy resistance 1, electricity
resistance, torment resistance 1, petrification resistance
a: Renounce Religion, Berserk, Trog's Hand


You were on level 4 of the Dungeon.
You worshipped Trog.
Trog was pleased with you.
You visited 1 branch of the dungeon, and saw 4 of its levels.

You collected 182 gold pieces.

Inventory:

Hand Weapons
 a - a +0 mace
 y - a +0 sling
 z - a +0 flail (weapon)
Missiles
 g - 2 poisoned darts
 p - 15 stones (quivered)
Armour
 b - a +0 animal skin
 f - a +0 pair of gloves (worn)
 i - a +0 ring mail
 s - a +0 helmet (worn)
 x - a +0 leather armour (worn)
Jewellery
 c - an amulet of the acrobat (around neck)
 l - a +4 ring of evasion (left hand)
 u - a ring of willpower (right hand)
 w - a ring of protection from cold
Scrolls
 e - a scroll of amnesia {unknown}
 h - 5 scrolls of blinking {unknown}
 j - 3 scrolls of teleportation {unknown}
 m - 2 scrolls of noise {unknown}
 q - a scroll of summoning {unknown}
 r - a scroll of vulnerability
 t - 2 scrolls of poison {unknown}
 A - a scroll of fear {unknown}
Potions
 d - 4 potions of curing
 k - 3 potions of degeneration
 n - a potion of might
 o - a potion of resistance
 v - a potion of brilliance {unknown}
 B - a potion of berserk rage {unknown}
 C - a potion of mutation {unknown}
 D - a potion of attraction {unknown}


   Skills:
 + Level 4.3 Fighting
 * Level 4.7 Maces & Flails
 * Level 4.6 Armour
 + Level 2.6 Dodging


You had 5 spell levels left.
You didn't know any spells.
Your spell library was empty.

Dungeon Overview and Level Annotations

Branches:
Dungeon (4/15)
 Temple: D:4-7

Altars:
Trog


Innate Abilities, Weirdness & Mutations

You are immune to sickness and miasma.
Your stone body is resilient. (AC +4)
You are immune to poison.
You resist negative energy. (rN+)
You are resistant to electric shocks. (rElec)
You are resistant to unholy torment.
You are immune to petrification.


Message History

You kill the worm!
Trog accepts your kill.
You see here a worm corpse.
Found 3 gold pieces.
You now have 182 gold pieces (gained 3).
Found a stone staircase leading down.
There is a stone staircase leading down here.
There is a stone staircase leading up here.
Found a scroll labelled SUIRCH ZIETU.
j - 3 scrolls labelled SUIRCH ZIETU (gained 1)
An orc comes into view. It is wielding a +0 dagger.
The orc shouts!
You hear a shout! x2
An orc comes into view. It is wielding a +0 short sword.
The orc shouts!
You hear a shout!
An orc priest comes into view. It is wielding a +0 club.
The orc priest calls down the wrath of Beogh upon you.
Beogh smites you!
You hear a shout!
You closely miss the orc. The orc closely misses you.
An orc comes into view. It is wielding a +0 dagger.
You sock the orc!
You kill the orc!
Trog accepts your kill.
You hit the orc priest but do no damage.
The orc priest invokes the aid of Beogh against you.
Beogh smites you!
An orc priest comes into view. It is wielding a +0 flail.
You barely miss the orc priest.
The orc priest hits you but does no damage.
The orc priest mumbles some strange prayers to Beogh against you.
Beogh smites you!
* * * LOW HITPOINT WARNING * * *
A red film seems to cover your vision as you go berserk!
You feel yourself moving faster!
You feel mighty! The orc priest misses you.
You barely miss the orc priest. The orc priest closely misses you.
You closely miss the orc priest. The orc priest misses you.
You barely miss the orc priest.
The orc priest invokes the aid of Beogh against you.
Beogh smites you!
You die...

.# .# #.## . ## . ## .
##... .# . .# ..
.##..#.# .#
.##.#..##.#..##.
..##....##....##...
#o#..##.#..##.#..##
#.##. #.##..#.##..#.##
#..oo##....##....##...
#@.#.##..#.##..#.#
#..##.#..##.#..##.
#### ##### ##### #


You could see 2 orc priests and an orc.

Vanquished Creatures
  2 black bears (D:4)
  An orc priest (D:3)
  An orc wizard (D:3)
  3 adders
  4 worms
  A dart slug (D:3)
  4 orcs
  4 ball pythons
  2 bats
  2 endoplasms (D:3)
  2 giant cockroaches
  3 goblins
  7 hobgoblins
  11 jackals (D:1)
  3 kobolds
  2 quokkas
  3 frilled lizards
  5 rats
60 creatures vanquished.

Vanquished Creatures (others)
  2 fungi (D:2)
  5 plants (D:2)
7 creatures vanquished.

Grand Total: 67 creatures vanquished

Notes
Turn   | Place    | Note
-------+----------+-------------------------------------------
     0 | D:1      | KittyFluff the Gargoyle Berserker began the quest for the
                  | Orb.
     0 | D:1      | Reached XP level 1. HP: 14/14 MP: 1/1
   656 | D:1      | Reached XP level 2. HP: 18/19 MP: 2/2
  1210 | D:1      | Reached XP level 3. HP: 23/23 MP: 3/3
  1777 | D:2      | Reached ** piety under Trog
  1798 | D:2      | Found a faded altar of an unknown god.
  2055 | D:3      | Reached XP level 4. HP: 29/29 MP: 4/4
  2224 | D:3      | Reached XP level 5. HP: 16/33 MP: 5/5
  3263 | D:4      | Found a bloodstained altar of Trog.
  3264 | D:4      | Noticed a black bear
  3264 | D:4      | Noticed a black bear
  3272 | D:4      | Killed a black bear
  3273 | D:4      | Reached XP level 6. HP: 31/38 MP: 6/6
  3280 | D:4      | Killed a black bear
  3532 | D:4      | Killed from afar by an orc priest

Illustrated notes

Levels and vault maps discovered:
D:1:      zelgadis_glass_arrival_small, layout_basic, minmay_pentomino_p4
D:2:      layout_basic, shapermc_ecumenical_altar_mp_ritualfount,
          minmay_misc_feat_square
D:3:      layout_loops_cross
D:4:      layout_loops_ring, nicolae_tso_besieged_by_evil, trog_ov_bears_minmay,
          minmay_temple_entry_offerings, hangedman_abyss_or_decor_slice,
          nicolae_eternal_life

Skill      XL: |  1  2  3  4  5 |
---------------+----------------+-----
Armour         | 3 4 |  4.6
Dodging        | 2 |  2.6
Maces & Flails | 4 |  4.7
Fighting       | 4 |  4.3

Action                   |  1- 3 |  4- 6 || total
-------------------------+-------+-------++-------
Melee: Mace              |   125 |    68 ||   193
       Punch             |     3 |     2 ||     5
       Flail             |       |    22 ||    22
Invok: Berserk           |       |     1 ||     1
  Use: Scroll            |     4 |     1 ||     5
Armor: Animal skin       |    50 |    15 ||    65
       Leather armour    |       |    11 ||    11
Dodge: Dodged            |   109 |    77 ||   186
